 Dungeon Crawl Stone Soup version 0.29-a0-802-g34511f41fd (webtiles) character file.

Game seed: 5520085831304124206

3260 gobodom the Geomancer (level 10, -8/53 HPs)
             Began as a Gargoyle Earth Elementalist on July 3, 2022.
             Was an Elder of Makhleb.
             Killed from afar by Erica (28 damage)
             ... with a lance of force
             ... on level 8 of the Dungeon.
             The game lasted 00:33:38 (7418 turns).

gobodom the Geomancer (Gargoyle Earth Elementalist) Turns: 7418, Time: 00:33:39

Health: -8/53      AC: 21    Str: 11    XL:     10   Next: 0%
Magic:  20/21      EV: 16    Int: 21    God:    Makhleb [****..]
Gold:   358        SH:  0    Dex: 10    Spells: 18/24 levels left

rFire   + . .      SeeInvis .   K - +3 flail (protect)
rCold   . . .      Faith    .   (no shield)
rNeg    + . .      Spirit   .   a - +0 robe
rPois   ∞          Reflect  .   W - +1 hat
rElec   +          Harm     .   C - +0 cloak
rCorr   .          Rampage  .   q - +2 pair of gloves
Will    .....                   d - +0 pair of boots
Stlth   +.........              (no amulet)
HPRegen 0.17/turn               l - +4 ring of evasion
MPRegen 0.17/turn               I - ring of protection from fire

@: confused, under a protective aura
A: sickness immunity, AC +7, negative energy resistance 1, electricity
resistance, torment resistance 1, petrification resistance, deformed body
a: Renounce Religion, Minor Destruction, Lesser Servant of Makhleb, Major
Destruction


You were on level 8 of the Dungeon.
You worshipped Makhleb.
Makhleb was greatly pleased with you.
You visited 1 branch of the dungeon, and saw 8 of its levels.
You also visited: Ossuary.

You collected 358 gold pieces.

Inventory:

Hand Weapons
 e - a +1 dagger of venom
 x - a +1 vorpal spear
 D - a +4 whip
 E - a +0 mace of protection
 K - a +3 flail of protection (weapon)
 P - the +5 flail "Rustraep" {protect, rPois Str+6 Int-3}
   (You found it on level 5 of the Dungeon)

   It grants its wielder temporary protection when it strikes (+7 to AC).
   Str:       It affects your strength (+6).
   Int:       It affects your intelligence (-3).
   rPois:     It protects you from poison.
 Q - a +2 flail of draining
 V - a +2 dagger of draining
Missiles
 j - 2 throwing nets
 k - 17 poisoned darts
 w - 2 boomerangs
 S - 2 javelins
Armour
 a - a +0 robe (worn)
 d - a +0 pair of boots (worn)
 q - a +2 pair of gloves (worn)
 C - a +0 cloak (worn)
 R - a +2 chain mail of poison resistance
 W - a +1 hat (worn)
Jewellery
 l - a +4 ring of evasion (left hand)
 s - a ring of positive energy
 I - a ring of protection from fire (right hand)
Wands
 h - a wand of flame (61)
 z - a wand of polymorph (11)
 X - a wand of paralysis (7)
Scrolls
 f - 3 scrolls of poison
 i - a scroll of immolation {unknown}
 t - a scroll of teleportation
 y - a scroll of amnesia
 A - a scroll of identify
 F - a scroll of fog
 H - a scroll of blinking
 L - 2 scrolls of noise
Potions
 b - a potion of magic
 c - 2 potions of attraction
 g - 2 potions of cancellation
 m - 2 potions of lignification
 n - 3 potions of haste {unknown}
 o - a potion of invisibility
 p - 3 potions of flight {unknown}
 r - 6 potions of curing
 u - a potion of might
 v - a potion of mutation {unknown}
 B - 3 potions of ambrosia {unknown}
 G - 2 potions of brilliance {unknown}
 M - 3 potions of degeneration {unknown}
 N - 2 potions of berserk rage {unknown}
 O - 3 potions of heal wounds


   Skills:
 + Level 2.1 Fighting
 + Level 0.5 Short Blades
 + Level 4.5 Maces & Flails
 + Level 3.4 Dodging
 + Level 3.3 Stealth
 + Level 0.2 Unarmed Combat
 + Level 7.8 Spellcasting
 + Level 1.2 Conjurations
 + Level 1.0 Transmutations
 + Level 10.0 Earth Magic
 + Level 2.6 Invocations


You had 18 spell levels left.
You knew the following spells:

 Your Spells              Type           Power      Damage    Failure   Level
a - Sandblast             Erth           100%       2d20      1%          1
b - Stone Arrow           Conj/Erth      64%        3d11      2%          3
c - Passwall              Tmut/Erth      25%        N/A       1%          2

Your spell library contained the following spells:

 Spells                   Type           Power      Damage    Failure   Level
 Petrify                  Tmut/Erth      31%        N/A       9%          4
 Leda's Liquefaction      Hex/Erth       14%        N/A       10%         4
 Call Canine Familiar     Summ           8%         N/A       24%         3
 Ozocubu's Armour         Ice            8%         N/A       24%         3
 Portal Projectile        Hex/Tloc       16%        N/A       24%         3
 Anguish                  Hex/Necr       4%         N/A       63%         4
 Enfeeble                 Hex            4%         N/A       100%        7
 Ozocubu's Refrigeration  Ice            4%         4d5       100%        7


Dungeon Overview and Level Annotations

Branches:
Dungeon (8/15)             Temple (0/1) D:5         Ossuary (visited)
   Lair: D:8-11

Altars:
Dithmenos
Fedhas
Makhleb
Nemelex Xobeh
Ru
Sif Muna
Trog
Vehumet
Wu Jian
Zin

Shops:
D:4 [

Annotations:
D:8 Erica


Innate Abilities, Weirdness & Mutations

You are immune to sickness and miasma.
Your stone body is resilient. (AC +7)
You are immune to poison.
You resist negative energy. (rN+)
You are resistant to electric shocks. (rElec)
You are resistant to unholy torment.
You are immune to petrification.
Armour fits poorly on your strangely shaped body.


Message History

Something barely misses you.
You miss something. Something hits you. Something hits you!
Something burns you.
Casting: Sandblast (safe; 1% risk of failure)
Confirm with . or Enter, or press ? or * to list all spells.
You don't know that spell.
Casting: Sandblast (safe; 1% risk of failure)
Confirm with . or Enter, or press ? or * to list all spells.
Aiming: Sandblast (safe; 1% risk of failure)
Press: ? - help, Shift-Dir - straight line The blast of sand hits something!!
Something hits you. Something hits you but does no damage.
Casting: Sandblast (safe; 1% risk of failure)
Confirm with . or Enter, or press ? or * to list all spells.
Aiming: Sandblast (safe; 1% risk of failure)
Press: ? - help, Shift-Dir - straight line The blast of sand hits something!!
Something hits you! Something burns you.
* * * LOW HITPOINT WARNING * * *
You hear some strange, mumbled words.
A bolt of poison appears from out of thin air!
The bolt of poison hits you but does no damage.
You resist.
You miss something. Something hits you!
* * * LOW HITPOINT WARNING * * *
Something burns you.
* * * LOW HITPOINT WARNING * * *
You feel much better. Something hits you! Something burns you.
You hit something.
Your weapon exudes an aura of protection.
Something hits you but does no damage.
You sock something!
You hear some strange, mumbled words.
You are confused.
You closely miss something. Something hits you but does no damage.
You closely miss something.
You hear some strange, mumbled words.
A lance of force appears from out of thin air!
The lance of force hits you!!
Ouch! That really hurt!
You die...

..# ##..# . ..##...###
..##..#.....#
............#
............#
.........>..#
.....!......#
.......@..#
.$......{.####
..............# ..
...............# ..
.................#
.#....................#
....##..........<.....#
.....###..............#
....................###


There were no monsters in sight!

Vanquished Creatures
  Joseph (D:7)
  Sigmund (D:5)
  A wyvern (D:7)
  Edmund (D:5)
  Menkaure (D:4)
  A water moccasin (D:7)
  An orc warrior (D:7)
  An ice beast (D:6)
  3 phantoms (D:5)
  2 elf zombies (Ossuary)
  A necrophage (D:5)
  2 bullfrogs
  2 scorpions
  9 killer bees
  2 human zombies (Ossuary)
  3 centaur zombies (Ossuary)
  A hound (D:4)
  3 jellies
  A gnoll bouda (D:5)
  2 orc priests (D:4)
  Terence (D:2)
  6 iguanas
  Natasha (thrice) (D:2)
  5 orc wizards
  2 mummies (Ossuary)
  10 gnolls
  5 adders
  A white imp (D:7)
  An ufetubus (D:5)
  An adder zombie (Ossuary)
  6 worms
  14 orcs
  5 ball pythons
  5 bats
  3 endoplasms
  5 giant cockroaches
  10 goblins
  10 hobgoblins
  3 quokkas
  2 frilled lizards (D:1)
  A goblin zombie (Ossuary)
  10 hobgoblin zombies (Ossuary)
  A jackal zombie (Ossuary)
  13 kobolds
  7 kobold zombies (Ossuary)
  7 orc zombies (Ossuary)
  9 rats
  3 rat zombies (Ossuary)
188 creatures vanquished.

Notes
Turn   | Place    | Note
-------+----------+-------------------------------------------
     0 | D:1      | gobodom the Gargoyle Earth Elementalist began the quest for
                  | the Orb.
     0 | D:1      | Reached XP level 1. HP: 10/10 MP: 3/3
   153 | D:1      | Reached skill level 1 in Transmutations
   230 | D:1      | Reached skill level 4 in Earth Magic
   230 | D:1      | Reached XP level 2. HP: 15/15 MP: 3/5
   711 | D:1      | Found a faded altar of an unknown god.
   757 | D:1      | Prayed at the altar of an unknown god.
   757 | D:1      | Became a worshipper of Makhleb the Destroyer
   757 | D:1      | Reached * piety under Makhleb
   781 | D:1      | Reached XP level 3. HP: 19/19 MP: 4/6
  1254 | D:2      | Noticed Natasha
  1259 | D:2      | Killed Natasha
  1260 | D:2      | Reached skill level 5 in Earth Magic
  1260 | D:2      | Reached XP level 4. HP: 24/24 MP: 2/7
  1531 | D:2      | Noticed Terence
  1544 | D:2      | Killed Terence
  1755 | D:2      | Noticed Natasha
  1761 | D:2      | Killed Natasha
  1762 | D:2      | Reached XP level 5. HP: 27/28 MP: 6/9
  1845 | D:2      | Noticed Natasha
  1865 | D:2      | Killed Natasha
  2433 | D:3      | Reached ** piety under Makhleb
  2667 | D:3      | Reached XP level 6. HP: 32/32 MP: 8/11
  2789 | D:3      | Noticed a moth of wrath
  2792 | D:3      | Found a bloodstained altar of Trog.
  2925 | D:4      | Found an ornate altar of the Wu Jian Council.
  2970 | D:4      | Learned a level 3 spell: Stone Arrow
  3025 | D:4      | Reached skill level 6 in Earth Magic
  3198 | D:4      | Noticed Menkaure
  3206 | D:4      | Killed Menkaure
  3207 | D:4      | Reached XP level 7. HP: 36/36 MP: 8/14
  3268 | D:4      | Found Townerghu's Armour Shoppe.
  3335 | D:4      | Reached *** piety under Makhleb
  3728 | D:5      | Entered Level 5 of the Dungeon
  3732 | D:5      | Reached skill level 5 in Spellcasting
  3754 | D:5      | Reached skill level 7 in Earth Magic
  3977 | D:5      | Found a staircase to the Ecumenical Temple.
  4113 | D:5      | Found a sand-covered staircase.
  4122 | Ossuary  | Entered an ossuary
  4269 | Ossuary  | Reached **** piety under Makhleb
  4283 | Ossuary  | Reached XP level 8. HP: 42/42 MP: 1/16
  4302 | Ossuary  | Reached skill level 1 in Maces & Flails
  4321 | Ossuary  | Reached skill level 8 in Earth Magic
  4487 | Ossuary  | Reached skill level 1 in Fighting
  4593 | D:5      | Noticed Sigmund
  4594 | D:5      | Identified the +5 flail "Rustraep" {protect, rPois Str+6
                  | Int-3}
  4596 | D:5      | Killed Sigmund
  4614 | D:5      | Noticed Edmund
  4639 | D:5      | Killed Edmund
  5021 | D:6      | Found a glowing silver altar of Zin.
  5022 | D:6      | Found a blossoming altar of Fedhas.
  5022 | D:6      | Found a shadowy altar of Dithmenos.
  5026 | D:6      | Reached skill level 9 in Earth Magic
  5026 | D:6      | Reached XP level 9. HP: 47/47 MP: 15/18
  5041 | D:6      | Found a sparkling altar of Nemelex Xobeh.
  5041 | D:6      | Found a sacrificial altar of Ru.
  5904 | D:7      | Reached skill level 1 in Invocations
  6067 | D:7      | Found a shimmering blue altar of Sif Muna.
  6234 | D:7      | Noticed a hellwing
  6235 | D:7      | Gained mutation: Armour fits poorly on your strangely
                  | shaped body. [a neqoxec]
  6686 | D:7      | Noticed Joseph
  6692 | D:7      | Killed Joseph
  6799 | D:7      | Reached skill level 1 in Conjurations
  7091 | D:7      | Identified the +3 barding of Duck's Teeth {Int+2}
  7219 | D:8      | Reached skill level 10 in Earth Magic
  7228 | D:8      | Reached XP level 10. HP: 41/53 MP: 10/21
  7234 | D:8      | Learned a level 2 spell: Passwall
  7242 | D:8      | Found a radiant altar of Vehumet.
  7397 | D:8      | Noticed Erica
  7418 | D:8      | Killed from afar by Erica

Illustrated notes

Levels and vault maps discovered:
D:1:      dpeg_arrival_long_road, layout_loops_ring,
          ebering_ecumenical_altar_abandoned
D:2:      layout_basic, uniq_terence, uniq_natasha
D:3:      layout_basic, tgw_trog, grunt_decor_one_mirror, minivault_24,
          minmay_surrounded
D:4:      layout_basic, nicolae_overflow_crystal_walls,
          kennysheep_windowed_goal, uniq_menkaure
D:5:      layout_rooms, temple_hall_moat, lightli_ossuary_entry_decrepit_ruins,
          sigmund_edmund_badplayer
D:6:      layout_basic, grunt_temple_overflow_open
D:7:      layout_basic, kennysheep_orc_sif_temple, minmay_misc_feat_chi,
          uniq_joseph
D:8:      layout_rooms, vehumet_altar_wand_db, nicolae_hepliaklqana_hippocampus,
          uniq_erica

Skill      XL: |  1  2  3  4  5  6  7  8  9 |
---------------+----------------------------+-----
Transmutations | 1 |  1.0
Earth Magic    | 4 5 6 7 9 10 | 10.0
Spellcasting   | 3 4 5 6 7 |  7.8
Stealth        | 3 |  3.3
Dodging        | 2 3 |  3.4
Maces & Flails | 3 4 |  4.5
Fighting       | 1 2 |  2.1
Invocations    | 2 |  2.6
Conjurations   | 1 |  1.2
Short Blades   | |  0.5
Unarmed Combat | |  0.2

Action                   |  1- 3 |  4- 6 |  7- 9 | 10-12 || total
-------------------------+-------+-------+-------+-------++-------
Melee: Unarmed           |    15 |       |       |       ||    15
       Dagger            |     3 |    15 |     7 |       ||    25
       Flail             |       |       |   108 |     6 ||   114
       Punch             |       |       |     1 |       ||     1
Throw: Dart              |       |     2 |       |       ||     2
       Throwing net      |       |     1 |       |       ||     1
 Cast: Sandblast         |    53 |    75 |   174 |     5 ||   307
       Stone Arrow       |       |       |     9 |       ||     9
       Passwall          |       |       |       |     4 ||     4
Invok: Minor Destruction |       |       |    13 |       ||    13
       Lesser Servant of |       |       |     2 |       ||     2
  Use: Scroll            |       |       |    17 |       ||    17
       Potion            |       |       |     2 |     1 ||     3
Armor: Robe              |    16 |    17 |   108 |     3 ||   144
Dodge: Dodged            |    33 |    39 |   233 |     2 ||   307

Table legend: (Time is in decaauts)
 A = Elapsed time spent in this place.
 B = Non-inter-level travel time spent in this place.
 C = Inter-level travel time spent in this place.
 D = Time resting spent in this place.
 E = Time spent auto-exploring this place.
 F = Levels seen in this place.
 G = Mean time per level.
                   A        B        C        D        E       F      G
               +--------+--------+--------+--------+--------+-----+--------+
         Total |   7755 |   7515 |    240 |    170 |   5311 |   9 |  861.7 |
       Dungeon |   7288 |   7048 |    240 |    170 |   5161 |   8 |  911.0 |
       Ossuary |    466 |    466 |      0 |      0 |    150 |   1 |  466.0 |
               +--------+--------+--------+--------+--------+-----+--------+

Top non-repeatable levels by time:
     D:7: 1503 daAuts
     D:1: 1181 daAuts
     D:2: 1065 daAuts
     D:5: 934 daAuts
     D:4: 861 daAuts
     D:3: 758 daAuts
     D:6: 743 daAuts
 Ossuary: 466 daAuts
     D:8: 239 daAuts
